 Dungeon Crawl Stone Soup version 0.30.0-5-g1a98f26d00 (webtiles) character file.

Game seed: 837624316515506099

93 Esekla the Changer (level 4, 0/34 HPs)
             Began as a Barachi Wanderer on May 8, 2023.
             Slain by a goblin
             ... wielding a +0 dagger
             ... led by Robin
              (3 damage)
             ... on level 2 of the Dungeon.
             The game lasted 00:10:34 (1618 turns).

Esekla the Changer (Barachi Wanderer)               Turns: 1618, Time: 00:10:35

Health: 0/34       AC:  4    Str: 11    XL:     4   Next: 61%
Magic:  6/6        EV: 12    Int: 13    God:
Gold:   62         SH:  0    Dex: 15    Spells: 3/6 levels left

rFire   . . .        a - +0 dagger
rCold   . . .        (no shield)
rNeg    . . .        d - +0 leather armour
rPois   .            (no helmet)
rElec   .            b - +0 cloak
rCorr   .            (no gloves)
SInv    .            (no boots)
Will    .....        (no amulet)
Stlth   +            (no ring)
HPRegen 0.25/turn    (no ring)
MPRegen 0.10/turn

%: no passive effects
@: unable to hop, slow
A: amphibious, slowness 1, strong legs 1, +LOS
a: Hop


You were on level 2 of the Dungeon.
You visited 1 branch of the dungeon, and saw 2 of its levels.

You collected 62 gold pieces.

Inventory:

Hand Weapons
 a - a +0 dagger (weapon)
Missiles
 i - 2 poisoned darts (quivered)
Armour
 b - a +0 cloak (worn)
 d - a +0 leather armour (worn)
Scrolls
 c - a scroll of blinking
 e - a scroll of silence
 g - 2 scrolls of magic mapping
 h - a scroll of fog
 j - a scroll of brand weapon


   Skills:
 * Level 2.8 Fighting
 + Level 1.2(1.5) Short Blades
 * Level 1.5(1.9) Long Blades
 + Level 1.0 Throwing
 * Level 2.5 Armour
 + Level 2.7 Dodging
 * Level 1.6 Spellcasting
 * Level 0.8 Necromancy
 + Level 3.6 Transmutations


You had 3 spell levels left.
You knew the following spells:

 Your Spells              Type           Power      Damage    Failure   Level
a - Beastly Appendage     Tmut           20%        N/A       8%          1
b - Wereblood             Tmut           10%        N/A       12%         2

Your spell library contained the following spells:

 Spells                   Type           Power      Damage    Failure   Level
 Necrotise                Necr           12%        1d4       24%         1
 Ignite Poison            Fire/Tmut/Pois 4%         N/A       54%         3
 Vampiric Draining        Necr           3%         2d6       58%         3
 Stone Arrow              Conj/Erth      2%         3d7       71%         3
 Animate Armour           Summ/Erth      2%         N/A       98%         4
 Agony                    Necr           3%         N/A       100%        5
 Lehudib's Crystal Spear  Conj/Erth      0%         10d2      100%        8


Dungeon Overview and Level Annotations

Branches:
Dungeon (2/15)

Altars:

Shops:
D:1 *

Annotations:
D:2 Robin


Innate Abilities, Weirdness & Mutations

You are amphibious.
You cover ground slowly.
You can hop short distances.
You have an extended range of vision and can be seen from far away.


Message History

You barely miss Jessica.
Jessica is moderately wounded.
Jessica closely misses you.
Jessica gestures wildly while chanting.
Jessica blinks!
You hit Jessica.
Jessica is heavily wounded.
Jessica hits you with a +0 dagger!
* * * LOW HITPOINT WARNING * * *
You hit Jessica but do no damage.
Jessica is heavily wounded.
Jessica grins evilly.
Jessica casts a spell at you.
You barely resist. You hit Jessica but do no damage.
Jessica is heavily wounded.
Jessica mumbles some strange words.
Jessica hits you with a +0 dagger.
* * * LOW HITPOINT WARNING * * *
You hit Jessica.
Jessica is heavily wounded.
Jessica closely misses you.
A goblin comes into view. It is wielding a +0 dagger.
You hit Jessica.
You kill Jessica!
The bat misses you.
Your Short Blades skill increases to level 1!
You closely miss the bat.
The bat is moderately wounded.
The bat closely misses you.
You hit the bat.
The bat is severely wounded.
The bat hits you but does no damage.
You hit the bat.
You kill the bat!
Hop to where?
Press: ? - help, Dir - move target A rat comes into view.
Boing!
The goblin hits you with a +0 dagger.
You die...

*,*,*,,,*,*,#g#
*#,#,,*,,*,*#g#
*.#.,***,,*,#)#
##..**,**,,*#)#
#..##,,,**,.#.#
#)r.,,,,,*#gb.#
#..##,,,*#..###
##g.##,##..#*
#g#g@###..#,*
##g#..#..#,**
#○#g#...#.#,*
###########**


You could see Robin, 3 goblins and a rat.

Vanquished Creatures
  Jessica (D:2)
  2 adders (D:2)
  A worm (D:2)
  A dart slug (D:1)
  2 ball pythons
  5 endoplasms
  2 giant cockroaches (D:2)
  8 goblins (D:2)
  2 hobgoblins (D:2)
  3 quokkas
  6 bats
  3 kobolds
  2 rats
38 creatures vanquished.

Notes
Turn   | Place    | Note
-------+----------+-------------------------------------------
     0 | D:1      | Esekla the Barachi Wanderer began the quest for the Orb.
     0 | D:1      | Esekla set off with the following items: a +0 dagger, a +0
                  | cloak, a scroll of blinking, a +0 leather armour, a scroll
                  | of silence; and the following spell memorised: Beastly
                  | Appendage; and the following spells available to memorise:
                  | Wereblood, Ignite Poison.
     0 | D:1      | Reached XP level 1. HP: 17/17 MP: 2/2
    44 | D:1      | Found Xung's Assorted Antiques.
   427 | D:1      | Reached XP level 2. HP: 23/23 MP: 3/3
   436 | D:1      | Learned a level 2 spell: Wereblood
   582 | D:1      | Reached skill level 1 in Long Blades
  1117 | D:2      | Reached XP level 3. HP: 11/28 MP: 4/4
  1520 | D:2      | Noticed Robin
  1520 | D:2      | Noticed Jessica
  1573 | D:2      | Reached XP level 4. HP: 16/34 MP: 6/6
  1612 | D:2      | HP: 1/34 [Jessica/+0 dagger (1)]
  1614 | D:2      | Killed Jessica
  1615 | D:2      | Reached skill level 1 in Short Blades
  1618 | D:2      | Slain by a goblin

Illustrated notes

Levels and vault maps discovered:
D:1:      sevenhm_arrival_forest_fort_large_4, layout_basic, serial_shops, shop
D:2:      minmay_diamond_boxcup, layout_loops_cross,
          chequers_serial_rivers_small_a, uniq_robin, uniq_jessica,
          uniq_crazy_yiuf_cottage

Skill      XL: |  1  2  3  4 |
---------------+-------------+-----
Long Blades    | 1 |  1.5
Armour         | 2 |  2.5
Short Blades   | 1 |  1.2
Fighting       | |  2.8
Throwing       | |  1.0
Dodging        | |  2.7
Spellcasting   | |  1.6
Necromancy     | |  0.8
Transmutations | |  3.6

Action                     |  1- 3 |  4- 6 || total
---------------------------+-------+-------++-------
  Melee: Dagger            |   191 |    39 ||   230
         Punch             |     2 |       ||     2
  Throw: Dart              |     1 |     1 ||     2
Ability: Hop               |     1 |     1 ||     2
    Use: Scroll            |       |     3 ||     3
 Armour: Leather armour    |    57 |    12 ||    69
  Dodge: Dodged            |   118 |    33 ||   151
